 Dungeon Crawl Stone Soup version 0.19-a0-1587-gaef70b6 (webtiles) character file.

4888 4thArraOfDagon the Grappler (level 10, -18/92 HPs)
             Began as a Troll Necromancer on Sept 16, 2016.
             Was a Believer of Qazlal.
             Demolished by a two-headed ogre
             ... wielding a +0 giant club
              (25 damage)
             ... on level 12 of the Dungeon.
             The game lasted 00:15:08 (3346 turns).

4thArraOfDagon the Grappler (Troll Necromancer)     Turns: 3346, Time: 00:15:08

Health: -18/92     AC:  9    Str: 20    XL:     10   Next: 26%
Magic:  13/13      EV: 11    Int: 14    God:    Qazlal [**....]
Gold:   264        SH:  2    Dex: 10    Spells: 2 memorised, 9 levels left

rFire  . . .     SeeInvis .       - Unarmed
rCold  . . .     Gourm    +     u - +2 robe {MR+}
rNeg   . . .     Faith    .     (no shield)
rPois  +         Spirit   .     (helmet restricted)
rElec  .         Dismiss  .     j - +1 cloak {rPois}
rCorr  .         Reflect  .     (gloves unavailable)
MR     +....     Harm     .     (boots unavailable)
Stlth  ..........               (no amulet)
                                (no ring)
                                v - ring of loudness (curse)

@: no status effects
A: unfitting armour, claws 3, talons 1, fast metabolism 3, gourmand, high mp 1,
sense surroundings 1, regeneration 1, screaming 1, shaggy fur 1, strong 1, tough
skin 2, wild magic 1
a: Upheaval, Renounce Religion


You were on level 12 of the Dungeon.
You worshipped Qazlal.
Qazlal was pleased with you.
You were very full.

You visited 1 branch of the dungeon, and saw 13 of its levels.

You collected 264 gold pieces.

Inventory:

Hand Weapons
 d - a +0 giant spiked club
 k - the +3 quarterstaff "Haunai" {venom, *Drain rElec rC+ Stlth+}
   (You found it on level 7 of the Dungeon)

   It poisons the flesh of those it strikes.
   It protects you from cold.
   It insulates you from electricity.
   It causes draining when unequipped.
   It makes you more stealthy.
Missiles
 g - 2 curare-tipped needles
Armour
 a - a +0 robe
 j - a +1 cloak of poison resistance (worn)
 u - a +2 robe of magic resistance (worn)
Jewellery
 v - a cursed ring of loudness (left claw)
Wands
 o - a wand of flame (18/48)
 r - a wand of flame (22/48)
 s - a wand of acid (3/15)
Scrolls
 f - a scroll of remove curse {unknown}
 h - a scroll of teleportation {unknown}
 i - a scroll of enchant armour {unknown}
 m - a scroll of recharging {unknown}
 p - a scroll of torment {unknown}
 q - a scroll of vulnerability {unknown}
Potions
 e - 7 potions of curing
 n - a potion of cancellation
 t - a potion of flight
Books
 b - a book of Necromancy

   Spells                             Type                      Level
   a - Pain                           Necromancy                   1
   b - Animate Skeleton               Necromancy                   1
   c - Vampiric Draining              Necromancy                   3
   d - Regeneration                   Charms/Necromancy            3
   e - Animate Dead                   Necromancy                   4
   f - Control Undead                 Necromancy                   4
Comestibles
 c - 4 bread rations
 l - a meat ration


   Skills:
 + Level 3.9 Fighting
 + Level 4.4 Dodging
 - Level 1.1 Stealth
 * Level 9.4 Unarmed Combat
 - Level 2.4 Spellcasting
 - Level 3.1 Charms
 - Level 5.4 Necromancy
 + Level 4.6 Invocations


You had 9 spell levels left.
You knew the following spells:

 Your Spells              Type           Power        Failure   Level  Hunger
a - Pain                  Necr           ###.         4%          1    #......
b - Regeneration          Chrm/Necr      ###.......   21%         3    ###....


Dungeon Overview and Level Annotations

Branches:
Dungeon (13/15)               Orc (0/2) D:9
 Temple: D:4-7         Lair: D:8-11      Vaults: D:13-14

Altars:
Cheibriados
Elyvilon
Fedhas
Makhleb
Qazlal

Shops:
D:10 [

Annotations:
D:6 Pikel
D:8 Grum


Innate Abilities, Weirdness & Mutations

You are too large for most types of armour.
You have claws for hands.
Your metabolism is lightning-fast.
You like to eat raw meat.
Your natural rate of healing is unusually fast.
You are covered in fur. (AC +1)
You have very tough skin. (AC +2)
You have sharp toenails.
You have an increased reservoir of magic. (+10% MP)
You passively map a small area around you.
You occasionally shout uncontrollably at your foes.
Your muscles are strong. (Str +2)
Your spells are a little harder to cast, but a little more powerful.


Message History

* * * LOW HITPOINT WARNING * * *
Unknown command.
Unknown command.
Unknown command.
Unknown command.
Okay, then.
Okay, then.
You claw the two-headed ogre!
The two-headed ogre is heavily wounded.
The two-headed ogre hits you with a giant club.
* * * LOW HITPOINT WARNING * * *
The two-headed ogre hits you but does no damage.
Unknown command.
Unknown command.
Unknown command.
You scratch the two-headed ogre.
You claw the two-headed ogre, but do no damage.
The two-headed ogre is heavily wounded.
The two-headed ogre hits you with a giant club!!
You die...

#...#....###.##.#.#
#...'.....##..#.#.#
#...#.....###.#.#.#
#...#.....#
#.#.#.######,
##.######.#
#.#......... #.#
###'###.#.#.######,
#.# #.......#.#...
#.#
#.......#O#.##### *
#.#
#.......#@)...... ,
#(#
#.......###.##### ,
#.# #.......# .#
#.# #.......# .# *
* #.# ###.###.# * *
#.#
#.###.########## *
* #.#
#..........>...#
###### #.#
#####.########.#
#..... #.#
#.#.....<#.# #.####


You could see a two-headed ogre.

Vanquished Creatures
  An ogre mage (D:12)
  2 hill giants (D:10)
  A hippogriff (D:7)
  A basilisk (D:10)
  A yak (D:8)
  2 hungry ghosts (D:12)
  2 porcupines
  3 ice beasts
  2 orc warriors
  4 ogres
  3 sky beasts
  2 centaurs
  A big kobold (D:10)
  3 bullfrogs
  A scorpion (D:10)
  3 howler monkeys (D:12)
  A crimson imp (D:9)
  A centaur zombie (D:9)
  A hound (D:7)
  2 orc priests
  A bullfrog skeleton (D:10)
  8 orc wizards
  6 worker ants
  2 hound zombies
  A howler monkey skeleton (D:8)
  3 adders
  A shadow imp (D:9)
  An adder skeleton (D:8)
  5 leopard geckos
  28 orcs
  A ball python (D:3)
  A giant cockroach (D:4)
  3 goblins
  5 hobgoblins
  6 quokkas
  2 bats (D:3)
  A frilled lizard (D:4)
  3 kobolds
  A rat (D:3)
116 creatures vanquished.

Vanquished Creatures (others)
  A bush (D:9)
  A fungus (D:9)
  9 plants (D:9)
11 creatures vanquished.

Grand Total: 127 creatures vanquished

Notes
Turn   | Place    | Note
-------+----------+-------------------------------------------
     0 | D:1      | 4thArraOfDagon the Troll Necromancer began the quest for the Orb.
     0 | D:1      | Reached XP level 1. HP: 16/16 MP: 1/1
   246 | D:1      | Reached skill level 1 in Unarmed Combat
   271 | D:2      | timbw: ~*~*~necromancer~*~*~
   293 | D:3      | Reached XP level 2. HP: 24/24 MP: 2/2
   324 | D:3      | Reached skill level 2 in Unarmed Combat
   376 | D:3      | Reached XP level 3. HP: 31/31 MP: 3/3
   512 | D:4      | Reached skill level 3 in Unarmed Combat
   518 | D:4      | Reached XP level 4. HP: 32/39 MP: 4/4
   550 | D:4      | Found a stormy altar of Qazlal.
   553 | D:4      | Became a worshipper of Qazlal Stormbringer
   589 | D:5      | Entered Level 5 of the Dungeon
   629 | D:5      | Learned a level 3 spell: Regeneration
   654 | D:5      | Found a burning altar of Makhleb.
   699 | D:5      | Noticed an ogre
   705 | D:5      | Killed an ogre
   705 | D:5      | Reached skill level 4 in Unarmed Combat
   705 | D:5      | Reached XP level 5. HP: 45/45 MP: 4/6
   799 | D:5      | wazuzu: troll of qazlal
   849 | D:6      | Reached skill level 1 in Charms
   888 | D:6      | Noticed a centaur
   896 | D:6      | Killed a centaur
   896 | D:6      | Reached XP level 6. HP: 27/53 MP: 7/7
   903 | D:6      | Noticed a slave
   904 | D:6      | Noticed Pikel
   904 | D:6      | Noticed a slave
   910 | D:6      | wazuzu: my 5-rune judgment and my qazlal favoritism tell me this might be a nice game.
   937 | D:6      | Found a blossoming altar of Fedhas.
  1032 | D:7      | wazuzu: or at least better than one before.
  1041 | D:6      | Noticed a slave
  1041 | D:6      | Noticed a slave
  1053 | D:6      | timbw: qazlal noise tells me
  1070 | D:6      | timbw: this game is hopeless
  1082 | D:6      | timbw: but it is a troll, so its still fun
  1099 | D:7      | wazuzu: it is a troll
  1122 | D:7      | Noticed an orc warrior
  1166 | D:7      | wazuzu: I like being ho of qazlal
  1177 | D:7      | Noticed a hippogriff
  1177 | D:7      | wazuzu: if you know what I mean
  1201 | D:7      | Killed a hippogriff
  1201 | D:7      | Reached skill level 5 in Unarmed Combat
  1201 | D:7      | timbw: qazlal is a bad god
  1201 | D:7      | Reached XP level 7. HP: 30/59 MP: 7/9
  1202 | D:7      | wazuzu: and by ho i meant high orc
  1204 | D:7      | wazuzu: I know, he's noisy
  1232 | D:7      | wazuzu: but I still like him because I'm a noob
  1277 | D:7      | wazuzu: it's a good noob god
  1285 | D:7      | Got a translucent quarterstaff
  1286 | D:7      | wazuzu: very stronk
  1286 | D:7      | Identified the +3 quarterstaff "Haunai" {venom, *Drain rElec rC+ Stlth+} (You found it on level 7 of the Dungeon)
  1288 | D:7      | wazuzu: for 5-rune
  1320 | D:8      | Ankalagon: noise is bad
  1332 | D:8      | Gained mutation: You have an increased reservoir of magic. (+10% MP) [mutagenic meat]
  1335 | D:8      | Gained mutation: You passively map a small area around you. [mutagenic meat]
  1338 | D:8      | Gained mutation: You occasionally shout uncontrollably at your foes. [mutagenic meat]
  1341 | D:8      | Gained mutation: Your spells are a little harder to cast, but a little more powerful. [mutagenic meat]
  1376 | D:8      | Noticed Grum
  1391 | D:8      | Ankalagon: I think even chei is better
  1401 | D:7      | timbw: opinions on what is easy and not
  1415 | D:7      | timbw: differs a lot
  1479 | D:7      | timbw: some idiots think casters are easier than MiBe etc
  1562 | D:7      | timbw: if you can win with qaz, good for you
  1608 | D:8      | Reached skill level 5 in Necromancy
  1608 | D:8      | Reached skill level 1 in Invocations
  1639 | D:8      | wazuzu: 5-rune is not a win
  1641 | D:8      | timbw: yes it is
  1641 | D:8      | timbw: a win is a win
  1641 | D:8      | timbw: 3 runs
  1641 | D:8      | timbw: runes*
  1641 | D:8      | wazuzu: but alas, only had 1 chance of winning more than 5 runes, and blew it in V5
  1655 | D:8      | Reached * piety under Qazlal
  1669 | D:8      | Reached XP level 8. HP: 50/67 MP: 11/11
  1700 | D:8      | wazuzu: I had migl with staff of earth - he had literally every resistance
  1741 | D:8      | wazuzu: and staff of earth is damn strong
  1830 | D:8      | Reached skill level 6 in Unarmed Combat
  1893 | D:8      | timbw: no
  1899 | D:8      | timbw: its not
  1899 | D:8      | Found a snail-covered altar of Cheibriados.
  1899 | D:8      | Found a white marble altar of Elyvilon.
  1916 | D:8      | timbw: executioner axes, crystal plate armours are strong
  1939 | D:9      | timbw: makhab, deep dwarfs are strong
  1950 | D:9      | timbw: staff of earth is not
  1998 | D:9      | Reached skill level 1 in Fighting
  2024 | D:9      | Ankalagon: staff of earth is pretty damaging
  2038 | D:9      | wazuzu: so 50 dmg is bad?
  2044 | D:9      | Reached skill level 7 in Unarmed Combat
  2055 | D:9      | timbw: just about anything you can dream up is viable
  2063 | D:10     | Entered Level 10 of the Dungeon
  2069 | D:10     | timbw: it does not mean its good
  2119 | D:11     | Noticed a hill giant
  2156 | D:11     | timbw: the investment to get 50 dmg with staff of earth is very big, risk/reward its very bad
  2173 | D:10     | Noticed a hill giant
  2178 | D:10     | timbw: :
  2182 | D:10     | timbw: *
  2182 | D:10     | Killed a hill giant
  2182 | D:10     | Reached XP level 9. HP: 79/79 MP: 12/12
  2237 | D:10     | wazuzu: I think I switched from +7 laj of draining, and noticed increase in killing power. had 18 evo 20 EM
  2244 | D:10     | Found Rinnataq's Armour Emporium.
  2359 | D:10     | wazuzu: that was monitaur, he's shit with everything not melee
  2366 | D:10     | wazuzu: *mino
  2423 | D:9      | timbw: a minotaur can win as a caster
  2431 | D:9      | timbw: and get 27 runes
  2457 | D:9      | timbw: never hitting anything in melee
  2480 | D:9      | timbw: 15 runes-
  2492 | D:9      | wazuzu: for sure he can, but I cannot
  2574 | D:10     | Noticed a hill giant
  2577 | D:10     | Killed a hill giant
  2577 | D:10     | Reached skill level 8 in Unarmed Combat
  2578 | D:10     | wazuzu: however staff of earth build got me a rune from a4
  2604 | D:10     | wazuzu: and cleared slime pits
  2641 | D:10     | wazuzu: never done that before that build
  2679 | D:10     | timbw: consider this
  2710 | D:10     | timbw: its possible to win this game in under 20k turns
  2713 | D:10     | timbw: with 15 runes
  2726 | D:10     | timbw: its possible to win this game
  2728 | D:10     | timbw: without dying
  2766 | D:10     | timbw: 30 times in a row or more
  2793 | D:10     | wazuzu: it's possible to streak
  2796 | D:10     | wazuzu: ofc
  2814 | D:10     | timbw: that is what i consider if i say something is strong or not
  2837 | D:11     | wazuzu: oh
  2844 | D:11     | Reached ** piety under Qazlal
  2885 | D:11     | timbw: can it do 15 runes in under 20k turns? can it win 30 games in a row?
  2935 | D:12     | wazuzu: it might
  2935 | D:12     | 4thArraOfDagon: have to restart
  2935 | D:12     | timbw: aight
  2935 | D:12     | 4thArraOfDagon: i hit f12 during note
  2935 | D:12     | 4thArraOfDagon: FTW
  2935 | D:12     | timbw: -.-
  3075 | D:12     | Reached skill level 9 in Unarmed Combat
  3075 | D:12     | Reached XP level 10. HP: 87/91 MP: 13/13
  3156 | D:12     | Gained mutation: You have sharp toenails. [mutagenic meat]
  3163 | D:12     | Gained mutation: Your muscles are strong. (Str +2) [mutagenic meat]
  3279 | D:12     | wazuzu: considering 30 win streaks and 20k 15runes. If no one done that before doesn't mean it's impossible.
  3335 | D:13     | Noticed an ogre mage
  3341 | D:12     | wazuzu: with migl staff of earth I mean
  3344 | D:12     | Killed an ogre mage
  3346 | D:12     | Demolished by a two-headed ogre

Vault maps used:
D:1:      scummos_arrival_gate
D:2:      first_bread
D:3:      kennysheep_generic_room_4
D:4:      kennysheep_mini_moat, uniq_sigmund
D:5:      nicolae_overflow_crystal_walls, serial_bayou_pond_e
D:6:      zin_purify, serial_shops, nicolae_shop_stone, fedhas_altar_2,
          uniq_pikel
D:7:      grunt_ogre_cave
D:8:      gammafunk_temple_overflow_statue, lemuel_oklob_altar, uniq_grum
D:9:      nicolae_dithmenos_through_a_glass_darkly, minmay_lair_entry_grove,
          orc_0_dummy, uniq_erolcha, uniq_maurice
D:10:     serial_shops, shop_statue
D:13:     hangedman_vaults_entry_quadrant_bands, special_room, serial_undead,
          serial_undead_e, serial_undead_c, serial_undead_b, serial_undead_c

Skill      XL: |  1  2  3  4  5  6  7  8  9 |
---------------+----------------------------+-----
Unarmed Combat | 1 2 3 4 5 7 9 |  9.4
Charms         | 1 2 3 |  3.1
Necromancy     | 4 5 |  5.4
Spellcasting   | 2 |  2.4
Invocations    | 1 3 4 |  4.6
Dodging        | 2 4 |  4.4
Fighting       | 2 3 |  3.9
Stealth        | |  1.1

Action                   |  1- 3 |  4- 6 |  7- 9 | 10-12 || total
-------------------------+-------+-------+-------+-------++-------
Melee: Unarmed           |    75 |   106 |   278 |    29 ||   488
       Punch             |     3 |     2 |     4 |     1 ||    10
       Kick              |       |       |       |     2 ||     2
 Cast: Regeneration      |       |       |     6 |       ||     6
Evoke: Wand              |       |       |     5 |       ||     5
  Use: Potion            |       |     1 |     1 |       ||     2
       Scroll            |       |       |     3 |     1 ||     4
 Stab: Distracted        |       |     1 |       |       ||     1
       Sleeping          |       |     2 |     1 |       ||     3
  Eat: Chunk             |     5 |    11 |    26 |    14 ||    56
Armor: Robe              |    22 |    43 |    65 |     8 ||   138
       Skin              |       |     2 |       |       ||     2
Dodge: Dodged            |    44 |    59 |    94 |    11 ||   208
Block: Other             |       |       |     8 |     4 ||    12
